 Dungeon Crawl Stone Soup version 0.31-a0-986-g5e6e4ef867 (webtiles) character file.

Game seed: 495832058788011625

110 skwerlee the Shooter (level 5, -1/30 HPs)
             Began as a Kobold Hexslinger on Nov 15, 2023.
             Slain by a gnoll
             ... wielding a +0 whip
              (10 damage)
             ... on level 2 of the Dungeon.
             The game lasted 00:03:43 (1869 turns).

skwerlee the Shooter (Kobold Hexslinger)            Turns: 1869, Time: 00:03:44

Health: -1/30      AC:  2    Str:  6    XL:     5   Next: 14%
Magic:  6/7        EV: 15    Int: 14    God:
Gold:   106        SH:  0    Dex: 19    Spells: 4/6 levels left

rFire   . . .        a - +1 sling
rCold   . . .        (no shield)
rNeg    . . .        c - +0 robe
rPois   .            (no helmet)
rElec   .            (no cloak)
rCorr   .            (no gloves)
SInv    .            (no boots)
Will    .....        (no amulet)
Stlth   +++          (no ring)
HPRegen 0.25/turn    (no ring)
MPRegen 0.10/turn

%: no passive effects
@: no status effects
A: small, no large weapons, nightstalker 3
a: no special abilities


You were on level 2 of the Dungeon.
You visited 1 branch of the dungeon, and saw 2 of its levels.

You collected 106 gold pieces.

Inventory:

Hand Weapons
 a - a +1 sling (weapon)
Missiles
 k - 2 boomerangs
Armour
 c - a +0 robe (worn)
Jewellery
 f - an amulet of regeneration
Scrolls
 b - a scroll of poison
 h - 2 scrolls of revelation {unknown}
 i - 2 scrolls of teleportation {unknown}
 j - 4 scrolls of identify {unknown}
 l - a scroll of blinking {unknown}
Potions
 d - 2 potions of cancellation {unknown}
 e - 2 potions of curing {unknown}
 g - a potion of attraction {unknown}
 m - a potion of mutation {unknown}


   Skills:
 + Level 1.9 Fighting
 + Level 5.3 Ranged Weapons
 - Level 2.4 Dodging
 + Level 1.4 Spellcasting
 + Level 3.6 Hexes
 + Level 1.0 Fire Magic


You had 4 spell levels left.
You knew the following spells:

 Your Spells              Type           Power      Damage    Failure   Level
a - Jinxbite              Hex            22%        N/A       9%          2

Your spell library contained the following spells:

 Spells                   Type           Power      Damage    Failure   Level
 Sigil of Binding         Hex            11%        N/A       17%         3
 Inner Flame              Hex/Fire       7%         N/A       28%         3
 Cause Fear               Hex            5%         N/A       50%         4
 Dimensional Bullseye     Hex/Tloc       3%         N/A       75%         4


Dungeon Overview and Level Annotations

Branches:
Dungeon (2/15)

Altars:


Innate Abilities, Weirdness & Mutations

You are small and have problems with some larger weapons.
You are completely attuned to the shadows.


Message History

The gnoll is moderately wounded.
You shoot a sling bullet.
The sling bullet hits the gnoll but does no damage.
The gnoll is moderately wounded.
The gnoll barely misses you. The gnoll hits you with a +0 whip.
You shoot a sling bullet.
The sling bullet hits the gnoll but does no damage.
The gnoll is moderately wounded.
The gnoll hits you with a +0 whip. The rat barely misses you.
You are too injured to fight recklessly!
You are too injured to fight recklessly!
You are too injured to fight recklessly!
You are too injured to fight recklessly!
You are too injured to fight recklessly!
You are too injured to fight recklessly!
You are too injured to fight recklessly!
You are too injured to fight recklessly!
You are too injured to fight recklessly!
You are too injured to fight recklessly!
You are too injured to fight recklessly!
You are too injured to fight recklessly!
You are too injured to fight recklessly!
You are too injured to fight recklessly!
You are too injured to fight recklessly!
You are too injured to fight recklessly!
You are too injured to fight recklessly!
You are too injured to fight recklessly!
You are too injured to fight recklessly!
You are too injured to fight recklessly!
The gnoll attacks as it pursues you! The gnoll hits you with a +0 whip!
* * * LOW HITPOINT WARNING * * *
Fire: a) +1 sling
Press: ? - help, Q - select action, (/) - cycle Shift-Dir - straight line, f/p - gnoll
Aim: a gnoll, wielding a +0 whip (moderately wounded, 65% to hit)
You shoot a sling bullet.
The sling bullet closely misses the gnoll.
The sling bullet hits the rat.
You kill the rat!
The gnoll hits you with a +0 whip!
You die...

.... .... PP.)##
....†....<......#
##.#..######.###.####.#.####.#


You could see a gnoll and a goblin.

Vanquished Creatures
  Terence (D:2)
  2 gnolls (D:2)
  An adder (D:2)
  4 dart slugs
  3 ball pythons
  A bat zombie (D:2)
  10 endoplasms
  2 giant cockroaches
  A goblin (D:1)
  2 hobgoblins (D:1)
  3 jackals (D:1)
  2 kobolds (D:1)
  A quokka (D:2)
  7 bats
  2 frilled lizards
  A giant cockroach zombie (D:2)
  A jackal skeleton (D:2)
  3 rats (D:2)
47 creatures vanquished.

Notes
Turn   | Place    | Note
-------+----------+-------------------------------------------
     0 | D:1      | skwerlee the Kobold Hexslinger began the quest for the Orb.
     0 | D:1      | Reached XP level 1. HP: 12/12 MP: 2/2
   292 | D:1      | Reached skill level 3 in Ranged Weapons
   329 | D:1      | Reached XP level 2. HP: 16/16 MP: 3/3
   708 | D:1      | Reached XP level 3. HP: 18/20 MP: 4/4
   711 | D:1      | Learned a level 2 spell: Jinxbite
  1381 | D:2      | Reached skill level 4 in Ranged Weapons
  1425 | D:2      | Reached XP level 4. HP: 25/25 MP: 5/5
  1668 | D:2      | Noticed Terence
  1679 | D:2      | Killed Terence
  1680 | D:2      | Reached skill level 5 in Ranged Weapons
  1859 | D:2      | Reached XP level 5. HP: 27/30 MP: 5/7
  1869 | D:2      | Slain by a gnoll

Illustrated notes

Levels and vault maps discovered:
D:1:      lemuel_arrival_lava_pool, layout_basic, minmay_circled_x
D:2:      layout_loops_ring, serial_undead, serial_undead_b, serial_undead_c,
          serial_undead_d, serial_undead_b, nicolae_grassy_gnolls, uniq_terence

Skill      XL: |  1  2  3  4 |
---------------+-------------+-----
Ranged Weapons | 3 4 5 |  5.3
Fighting       | |  1.9
Dodging        | |  2.4
Spellcasting   | |  1.4
Hexes          | |  3.6
Fire Magic     | |  1.0

Action                     |  1- 3 |  4- 6 || total
---------------------------+-------+-------++-------
   Fire: Sling             |    85 |    51 ||   136
   Cast: Jinxbite          |       |     4 ||     4
 Armour: Robe              |    20 |    12 ||    32
  Dodge: Dodged            |    39 |    22 ||    61

Table legend: (Time is in decaauts)
 A = Elapsed time spent in this place.
 B = Non-inter-level travel time spent in this place.
 C = Inter-level travel time spent in this place.
 D = Time resting spent in this place.
 E = Time spent auto-exploring this place.
 F = Levels seen in this place.
 G = Mean time per level.
                   A        B        C        D        E       F      G
               +--------+--------+--------+--------+--------+-----+--------+
         Total |   1896 |   1643 |    253 |     68 |   1314 |   2 |  948.0 |
       Dungeon |   1896 |   1643 |    253 |     68 |   1314 |   2 |  948.0 |
               +--------+--------+--------+--------+--------+-----+--------+

Top non-repeatable levels by time:
     D:1: 1309 daAuts
     D:2: 586 daAuts
